 Dungeon Crawl Stone Soup version 0.27.1 (webtiles) character file.

Game seed: 16961334099678872537

84 nxtlvl the Poker (level 4, -2/28 HPs)
             Began as a Tengu Abyssal Knight on Aug 29, 2021.
             Was a Believer of Lugonu.
             Slain by a scorpion (7 damage)
             ... on level 4 of the Dungeon.
             The game lasted 00:06:33 (829 turns).

nxtlvl the Poker (Tengu Abyssal Knight)              Turns: 829, Time: 00:06:35

Health: -2/28      AC:  9    Str: 13    XL:     4   Next: 46%
Magic:  6/6        EV:  6    Int: 12    God:    Lugonu [**....]
Gold:   77         SH:  0    Dex: 14    Spells: 3/3 levels left

rFire    + . .     SeeInvis .   a - +1 spear
rCold    . . .     Faith    .   (no shield)
rNeg     . . .     Spirit   .   g - +0 chain mail
rPois    .         Reflect  .   (helmet restricted)
rElec    .         Harm     .   (no cloak)
rCorr    .         Rampage  .   f - +0 pair of gloves
Will     .....                  (boots unavailable)
Stlth    ..........             (no amulet)
HPRegen  0.09/turn              b - ring of protection from fire
MPRegen  0.10/turn              (no ring)

@: lethally poisoned (-2 -> -8)
A: beak, talons 3
a: Renounce Religion, Depart the Abyss, Bend Space


You were on level 4 of the Dungeon.
You worshipped Lugonu.
Lugonu was pleased with you.
You visited 1 branch of the dungeon, and saw 4 of its levels.
You visited the Abyss 1 time.

You collected 77 gold pieces.

Inventory:

Hand Weapons
 a - a +1 spear (weapon)
Missiles
 e - 7 javelins
Armour
 c - a +0 ring mail
 f - a +0 pair of gloves (worn)
 g - a +0 chain mail (worn)
Jewellery
 b - a ring of protection from fire (left hand)
Wands
 h - a wand of charming (6)
Scrolls
 d - 3 scrolls of identify


   Skills:
 - Level 3.0 Fighting
 * Level 5.0 Polearms
 - Level 2.1 Armour
 - Level 1.1 Dodging
 - Level 1.5 Invocations


You had 3 spell levels left.
You didn't know any spells.
Your spell library contained the following spells:

 Spells                   Type           Power      Damage    Failure   Level
 Pain                     Necr           0%         1d4       100%        1
 Fulminant Prism          Conj/Hex       0%         3d6       100%        4
 Death Channel            Necr           0%         N/A       100%        6
 Lehudib's Crystal Spear  Conj/Erth      0%         10d2      100%        8


Dungeon Overview and Level Annotations

Branches:
Dungeon (4/15)
 Temple: D:4-7

Altars:


Innate Abilities, Weirdness & Mutations

You have a beak for a mouth.
You have claws for feet.


Message History

You feel stronger.
There is an escape hatch in the ceiling here.
Found 14 gold pieces.
You now have 77 gold pieces (gained 14).
A scorpion comes into view.
You hear the slow rusting of a very distant drain.
You hit the scorpion. Your kick misses the scorpion.
The scorpion is lightly wounded.
The scorpion barely misses you.
You hit the scorpion but do no damage.
The scorpion is lightly wounded.
The scorpion barely misses you.
You hit the scorpion.
You peck the scorpion, but do no damage.
The scorpion is moderately wounded.
The scorpion closely misses you.
You hit the scorpion but do no damage.
The scorpion is moderately wounded.
The scorpion stings you.
You are lethally poisoned!
The scorpion poisons you!
You hit the scorpion.
The scorpion is moderately wounded.
You feel very sick. The scorpion barely misses you.
You hit the scorpion but do no damage.
The scorpion is moderately wounded.
* * * LOW HITPOINT WARNING * * *
You feel sick.
The scorpion stings you but does no damage.
You aren't carrying any potions.
You closely miss the scorpion.
The scorpion is moderately wounded.
* * * LOW HITPOINT WARNING * * *
You feel sick. The scorpion completely misses you.
You hit the scorpion. Your kick misses the scorpion.
The scorpion is heavily wounded.
* * * LOW HITPOINT WARNING * * *
You feel sick. The scorpion stings you!
You die...

.######..#
.#
#####..##
.#
.........#
.#
######.#.#
.#
#.#.##.####
#.........#
###.##.##.#
#########.#
.#
.......@s.#
.#
###########
.# .# .# .#


You could see a scorpion.

Vanquished Creatures
  A hound (D:4)
  2 adders
  An orc (D:2)
  4 bats
  4 endoplasms
  3 giant cockroaches
  6 goblins
  2 hobgoblins
  2 kobolds
  4 quokkas
  A ball python (D:2)
  3 rats
33 creatures vanquished.

Vanquished Creatures (others)
  2 foxfires (Abyss:1)
  4 plants (D:2)
6 creatures vanquished.

Grand Total: 39 creatures vanquished

Notes
Turn   | Place    | Note
-------+----------+-------------------------------------------
     0 | Abyss:1  | nxtlvl the Tengu Abyssal Knight began the quest for the
                  | Orb.
     0 | Abyss:1  | Reached XP level 1. HP: 14/14 MP: 3/3
    23 | Abyss:1  | Noticed a freezing wraith
    23 | Abyss:1  | Noticed a will-o-the-wisp
    29 | Abyss:1  | Noticed a small abomination
    38 | Abyss:1  | Noticed an ancient zyme
    41 | D:1      | Escaped the Abyss
    61 | D:1      | Reached * piety under Lugonu
   244 | D:1      | Reached XP level 2. HP: 15/19 MP: 4/4
   280 | D:1      | Reached skill level 3 in Polearms
   456 | D:2      | Got the Reference Book on Lethal Conjuration
   484 | D:2      | Reached XP level 3. HP: 19/23 MP: 5/5
   540 | D:2      | Reached skill level 4 in Polearms
   680 | D:3      | Reached ** piety under Lugonu
   794 | D:4      | Reached skill level 5 in Polearms
   794 | D:4      | Reached XP level 4. HP: 14/28 MP: 6/6
   816 | D:4      | Noticed a scorpion
   829 | D:4      | Slain by a scorpion

Illustrated notes

Levels and vault maps discovered:
D:1:      nzn_arrival_crosshair, layout_basic
D:2:      cheibrodos_old_hovel, layout_rooms, ebering_ecumenical_altar_mist,
          st_stairs_7
D:3:      layout_basic, grunt_ministairs_9, minmay_ogre_servants
D:4:      layout_loops_ring, gammafunk_temple_overflow_arena,
          cheibrodos_sewer_entry_bend

Skill      XL: |  1  2  3 |
---------------+----------+-----
Polearms       | 3 5 |  5.0
Fighting       | |  3.0
Armour         | |  2.1
Dodging        | |  1.1
Invocations    | |  1.5

Action                   |  1- 3 |  4- 6 || total
-------------------------+-------+-------++-------
Melee: Spear             |   104 |     8 ||   112
       Kick              |    17 |       ||    17
       Peck              |     9 |     1 ||    10
Invok: Depart the Abyss  |     1 |       ||     1
  Use: Scroll            |     2 |       ||     2
 Stab: Sleeping          |     1 |       ||     1
Armor: Ring mail         |    22 |       ||    22
       Leather armour    |     1 |       ||     1
       Chain mail        |     3 |     1 ||     4
Dodge: Dodged            |    30 |     5 ||    35
